 Dungeon Crawl Stone Soup version 0.29-a0-380-gf50f0a9fbc (webtiles) character file.

Game seed: 8026720555880001604

15 Antichthon the Covered (level 2, -1/19 HPs)
             Began as a Gargoyle Fighter on May 6, 2022.
             Slain by a hobgoblin (4 damage)
             ... on level 1 of the Dungeon.
             The game lasted 00:01:15 (221 turns).

Antichthon the Covered (Gargoyle Fighter)            Turns: 221, Time: 00:01:15

Health: -1/19      AC:  9    Str: 19    XL:     2   Next: 50%
Magic:  2/2        EV:  9    Int:  8    God:
Gold:   0          SH:  4    Dex:  9    Spells: 1/1 levels left

rFire   . . .      SeeInvis .   a - +0 flail
rCold   . . .      Faith    .   c - +0 buckler
rNeg    + + .      Spirit   .   b - +0 scale mail
rPois   ∞          Reflect  .   (no helmet)
rElec   +          Harm     .   (no cloak)
rCorr   .          Rampage  .   (no gloves)
Will    .....                   (no boots)
Stlth   ..........              (no amulet)
HPRegen 0.06/turn               e - ring of positive energy
MPRegen 0.08/turn               (no ring)

@: mighty
A: sickness immunity, AC +2, negative energy resistance 1, electricity
resistance, torment resistance 1, petrification resistance
a: no special abilities


You were on level 1 of the Dungeon.
You visited 1 branch of the dungeon, and saw 1 of its levels.

Inventory:

Hand Weapons
 a - a +0 flail (weapon)
Armour
 b - a +0 scale mail (worn)
 c - a +0 buckler (worn)
Jewellery
 e - a ring of positive energy (left hand)
Potions
 d - a potion of might
 f - a potion of haste {unknown}


   Skills:
 * Level 3.5 Fighting
 * Level 2.1 Maces & Flails
 * Level 3.5 Armour
 * Level 0.3 Dodging
 * Level 3.4 Shields
 * Level 0.3 Invocations


You had one spell level left.
You didn't know any spells.
Your spell library was empty.

Dungeon Overview and Level Annotations

Branches:
Dungeon (1/15)

Altars:


Innate Abilities, Weirdness & Mutations

You are immune to sickness and miasma.
Your stone body is resilient. (AC +2)
You are immune to poison.
You resist negative energy. (rN+)
You are resistant to electric shocks. (rElec)
You are resistant to unholy torment.
You are immune to petrification.


Message History

The hobgoblin shouts!
The ball python hisses angrily.
You hear a shout!
A gnoll comes into view. It is wielding a +0 spear.
The frilled lizard bites you but does no damage.
The frilled lizard attacks as you move away!
The frilled lizard bites you but does no damage.
You miss the frilled lizard. The frilled lizard bites you.
You hit the frilled lizard.
The frilled lizard is heavily wounded.
The frilled lizard bites you but does no damage. x2
You closely miss the frilled lizard.
The frilled lizard is heavily wounded.
The frilled lizard bites you but does no damage.
You hit the frilled lizard.
You kill the frilled lizard!
You sock the ball python!
You kill the ball python!
The gnoll barely misses you. x2; The hobgoblin hits you.
You barely miss the hobgoblin. The hobgoblin hits you.
The gnoll barely misses you.
You barely miss the hobgoblin. The hobgoblin hits you.
You block the gnoll's attack.
You hit the hobgoblin.
The hobgoblin is lightly wounded.
The hobgoblin misses you.
The gnoll hits you from afar with a +0 spear.
* * * LOW HITPOINT WARNING * * *
The gnoll hits you from afar with a +0 spear.
* * * LOW HITPOINT WARNING * * *
You block the hobgoblin's attack. The hobgoblin attacks as you move away!
You block the hobgoblin's attack.
Okay, then.
You aren't carrying any scrolls.
Unknown command.
Okay, then.
You barely miss the hobgoblin.
The hobgoblin is lightly wounded.
The hobgoblin barely misses you. The gnoll closely misses you.
You feel very mighty all of a sudden. The hobgoblin hits you.
You die...

......PP♣♣...P##.#####......
......♣.♣♣♣PPP#....##.....#
....P..P♣PPP.####.......##
......P.P..## ###.....#
.........#########....#
.....................##
##.....####....###.....#
####.##.†#######.............)
....g...#..gg@.......#######.†
....?..###..########..######..
....... ##..##.<####.##......
....... +...#..#.......###..
...g... ##..#..#............
....... #..'..#..##.#......
..>.... #..##+#..##........
..#.### ##..+ #..####......
#).###.## #....(.


You could see a gnoll and a hobgoblin.

Vanquished Creatures
  A dart slug (D:1)
  A goblin (D:1)
  4 hobgoblins (D:1)
  A quokka (D:1)
  2 ball pythons (D:1)
  A frilled lizard (D:1)
  A kobold (D:1)
  2 rats (D:1)
13 creatures vanquished.

Notes
Turn   | Place    | Note
-------+----------+-------------------------------------------
     0 | D:1      | Antichthon the Gargoyle Fighter began the quest for the
                  | Orb.
     0 | D:1      | Reached XP level 1. HP: 14/14 MP: 1/1
    89 | D:1      | Reached XP level 2. HP: 19/19 MP: 2/2
   221 | D:1      | Slain by a hobgoblin

Illustrated notes

Levels and vault maps discovered:
D:1:      dpeg_arrival_short_road, layout_rooms, serial_forest,
          infiniplex_forest_end_1, infiniplex_forest_clump_tiny,
          infiniplex_forest_lined_corner, infiniplex_forest_lined_3_way,
          infiniplex_forest_lined_1, infiniplex_forest_clump_curved,
          infiniplex_forest_lined_3, minmay_curled_crystal

Action                   || total
-------------------------++-------
Melee: Flail             ||    44
  Use: Potion            ||     1
Armor: Scale mail        ||    25
Dodge: Dodged            ||    23
Block: Buckler           ||    13

Table legend: (Time is in decaauts)
 A = Elapsed time spent in this place.
 B = Non-inter-level travel time spent in this place.
 C = Inter-level travel time spent in this place.
 D = Time resting spent in this place.
 E = Time spent auto-exploring this place.
 F = Levels seen in this place.
 G = Mean time per level.
                   A        B        C        D        E       F      G
               +--------+--------+--------+--------+--------+-----+--------+
         Total |    235 |    235 |      0 |      0 |    125 |   1 |  235.0 |
       Dungeon |    235 |    235 |      0 |      0 |    125 |   1 |  235.0 |
               +--------+--------+--------+--------+--------+-----+--------+

Top non-repeatable levels by time:
     D:1: 235 daAuts
